 Dungeon Crawl Stone Soup version 0.21.1-1-g345015f (webtiles) character file.

1066 Mirai the Thaumaturge (level 8, -9/41 HPs)
             Began as a Deep Elf Conjurer on Apr 4, 2018.
             Shot with an arrow by a centaur (10 damage)
             ... on level 5 of the Dungeon.
             The game lasted 00:19:45 (5086 turns).

Mirai the Thaumaturge (Deep Elf Conjurer)           Turns: 5086, Time: 00:19:45

Health: -9/41      AC:  4    Str:  5    XL:     8   Next: 7%
Magic:  0/26       EV: 17    Int: 23    God:
Gold:   202        SH:  0    Dex: 15    Spells: 20/31 levels left

rFire    . . .     SeeInvis .   s - +1 short sword (elec)
rCold    . . .     Gourm    .   (no shield)
rNeg     . . .     Faith    .   a - +0 robe
rPois    .         Spirit   +   v - +2 hat
rElec    .         Reflect  .   p - scarf {Spirit}
rCorr    .         Harm     .   (no gloves)
MR       +....                  (no boots)
Stlth    ++........             (no amulet)
HPRegen  0.13/turn              i - +4 ring of evasion
MPRegen  0.20/turn              x - ring of protection from magic

@: hasted, very quick
A: no striking features
a: no special abilities


You were on level 5 of the Dungeon.
You were not hungry.

You visited 1 branch of the dungeon, and saw 5 of its levels.
You also visited: Ossuary.

You collected 202 gold pieces.

Inventory:

Hand Weapons
 s - a +1 short sword of electrocution (weapon)
 B - the +10 long sword of the Immovable Wonders {vamp, +Fly rPois Stlth+, unknown}
   (You found it on level 5 of the Dungeon)

   It inflicts no extra harm, but heals its wielder when it wounds a living foe.
   It protects you from poison.
   It lets you fly.
   It makes you more stealthy.
Armour
 a - a +0 robe (worn)
 p - a scarf of spirit shield (worn)
 v - a +2 hat (worn)
Jewellery
 d - an uncursed ring of resist corrosion
 i - a +4 ring of evasion (left hand)
 x - a ring of protection from magic (right hand)
Wands
 C - a wand of enslavement (14)
Scrolls
 e - 4 scrolls of teleportation {unknown}
 g - 4 scrolls of enchant weapon {unknown}
 j - a scroll of amnesia {unknown}
 k - 2 scrolls of fog {unknown}
 q - a scroll of fear {unknown}
 r - 5 scrolls of identify {unknown}
 u - a scroll of immolation {unknown}
 w - 2 scrolls of remove curse {unknown}
 y - a scroll of magic mapping {unknown}
Potions
 f - 2 potions of ambrosia {unknown}
 h - a potion of haste
 l - 4 potions of curing {unknown}
 m - a potion of cancellation {unknown}
 n - a potion of flight {unknown}
 o - a potion of lignification {unknown}
 t - 2 potions of degeneration {unknown}
 z - 2 potions of heal wounds {unknown}
 A - a potion of resistance {unknown}
Books
 b - a book of Conjurations

   Spells                             Type                      Level
   a - Magic Dart                     Conjuration                  1
   b - Searing Ray                    Conjuration                  2
   c - Dazzling Spray                 Conjuration/Hexes            3
   d - Fulminant Prism                Conjuration/Hexes            4
   e - Force Lance                    Conjuration/Translocation    4
   f - Iskenderun's Mystic Blast      Conjuration                  4
Comestibles
 c - 10 rations
 D - 4 chunks of flesh


   Skills:
 - Level 2.4 Dodging
 - Level 2.4 Stealth
 + Level 12.2 Spellcasting
 + Level 4.4 Conjurations
 + Level 0.4 Hexes
 + Level 0.3 Evocations


You had 20 spell levels left.
You knew the following spells:

 Your Spells              Type           Power        Failure   Level  Hunger
a - Magic Dart            Conj           ####         1%          1    None
b - Searing Ray           Conj           ####..       1%          2    None
c - Iskenderun's Mystic   Conj           ####....     7%          4    None
d - Fulminant Prism       Conj/Hex       ####......   16%         4    None


Dungeon Overview and Level Annotations

Branches:
Dungeon (5/15)
 Temple: D:4-7

Altars:
Nemelex Xobeh

Annotations:
D:5 PeterLawrence's ghost, novice MiFi


Message History

The centaur wields a shortbow.
The centaur shoots an arrow.
The arrow hits you!
A giant cockroach zombie comes into view.
You see here an arrow.
PeterLawrence's ghost hits you!
The centaur shoots an arrow.
The arrow closely misses you.
PeterLawrence's ghost lets out a mournful wail.
The centaur shoots an arrow.
The arrow hits you!!
You see here an arrow.
Unknown command.
The centaur shoots an arrow.
The arrow hits you.
The centaur shoots an arrow.
The arrow hits you!
* * * LOW HITPOINT WARNING * * *
You see here an arrow.
The centaur shoots an arrow.
The arrow closely misses you.
The centaur shoots an arrow.
The arrow hits you.
* * * LOW HITPOINT WARNING * * *
You see here 2 arrows.
The centaur shoots an arrow.
The arrow closely misses you.
You feel yourself speed up.
The centaur shoots an arrow.
The arrow hits you!
You die...

..#................. ..# #....
.[#.#.............#.##.# ##....
%.#...........# ....##.#####.....
#........##..#.. #..##...........
#............#.#.#..#..######....
......##.#.....#...(....# #....
#.#.(###.......##.....#.# ##...
#.#...............<...#.## ##..
....[...........@#....#..#### ###
##........#..#..(...........#
..........#.##.##......#....#
.............c.W(..........##
.........................#.#
.######.....(............#.# .#
##....########.........# ##
##....## ###...(.....#####
#...### #...............#


You could see a centaur.

Vanquished Creatures
  Sigmund (D:4)
  Menkaure (D:4)
  An elf zombie (Ossuary)
  2 scorpions (D:4)
  A crimson imp (D:5)
  2 centaur zombies (Ossuary)
  4 human zombies (Ossuary)
  An orc wizard (D:4)
  3 orc priests (D:4)
  A bullfrog skeleton (D:4)
  2 iguanas
  3 mummies (Ossuary)
  2 gnolls (D:4)
  An adder (D:5)
  2 shadow imps
  An ooze (D:1)
  5 adder zombies (Ossuary)
  An adder skeleton (D:4)
  A worm (D:2)
  9 dart slugs
  3 leopard geckos
  3 orcs (D:4)
  3 giant cockroaches (D:2)
  A gnoll zombie (Ossuary)
  4 goblins (D:2)
  10 hobgoblins
  8 kobolds
  A quokka (D:5)
  A ball python (D:4)
  3 bats (D:3)
  3 frilled lizards
  3 goblin zombies (Ossuary)
  5 hobgoblin zombies (Ossuary)
  4 jackal zombies
  3 kobold zombies (Ossuary)
  2 orc zombies (Ossuary)
  5 quokka zombies (Ossuary)
  6 rats
112 creatures vanquished.

Notes
Turn   | Place    | Note
-------+----------+-------------------------------------------
     0 | D:1      | Mirai the Deep Elf Conjurer began the quest for the Orb.
     0 | D:1      | Reached XP level 1. HP: 10/10 MP: 6/6
   162 | D:1      | Reached skill level 4 in Spellcasting
   162 | D:1      | Reached XP level 2. HP: 11/15 MP: 6/9
   166 | D:1      | Learned a level 2 spell: Searing Ray
  1236 | D:2      | Reached XP level 3. HP: 19/19 MP: 8/11
  1319 | D:2      | Reached skill level 5 in Spellcasting
  1987 | D:3      | Reached XP level 4. HP: 20/24 MP: 3/13
  2042 | D:3      | Reached skill level 6 in Spellcasting
  2746 | D:4      | Reached skill level 7 in Spellcasting
  2883 | D:4      | Reached XP level 5. HP: 28/28 MP: 11/17
  2946 | D:4      | Noticed Sigmund
  3007 | D:4      | Found a sand-covered staircase.
  3027 | Ossuary  | Entered an ossuary
  3184 | Ossuary  | Reached skill level 8 in Spellcasting
  3506 | Ossuary  | Reached XP level 6. HP: 32/32 MP: 5/19
  3617 | Ossuary  | Reached skill level 9 in Spellcasting
  3988 | Ossuary  | Reached skill level 10 in Spellcasting
  4102 | D:4      | Killed Sigmund
  4102 | D:4      | Reached XP level 7. HP: 36/36 MP: 15/23
  4112 | D:4      | Reached skill level 11 in Spellcasting
  4286 | D:5      | Entered Level 5 of the Dungeon
  4630 | D:4      | Found a sparkling altar of Nemelex Xobeh.
  4651 | D:4      | Noticed Menkaure
  4656 | D:4      | Killed Menkaure
  4686 | D:4      | Reached skill level 12 in Spellcasting
  4892 | D:5      | Reached XP level 8. HP: 41/41 MP: 16/26
  4903 | D:5      | Learned a level 4 spell: Iskenderun's Mystic Blast
  4908 | D:5      | Learned a level 4 spell: Fulminant Prism
  4962 | D:5      | Noticed PeterLawrence's ghost (novice MiFi)
  4964 | D:5      | Got an ancient long sword
  5084 | D:5      | HP: 1/41 [centaur/arrow (4)]
  5086 | D:5      | Shot with an arrow by a centaur

Skill      XL: |  1  2  3  4  5  6  7 |
---------------+----------------------+-----
Spellcasting   | 4 5 7 8 10 12 | 12.2
Dodging        | |  2.4
Stealth        | |  2.4
Conjurations   | |  4.4
Hexes          | |  0.4
Evocations     | |  0.3

Action                   |  1- 3 |  4- 6 |  7- 9 || total
-------------------------+-------+-------+-------++-------
Melee: Hand axe          |     9 |       |       ||     9
       Short sword       |       |     7 |       ||     7
 Cast: Magic Dart        |    80 |   105 |    13 ||   198
       Searing Ray       |     7 |    22 |    13 ||    42
       Iskenderun's Myst |       |       |     2 ||     2
  Use: Potion            |       |       |     2 ||     2
  Eat: Chunk             |     3 |     3 |     3 ||     9
       Ration            |       |     1 |       ||     1
Armor: Robe              |     2 |     8 |     1 ||    11
Dodge: Dodged            |    21 |    45 |    16 ||    82
